AoeStats
← AKX Is Undone

Arabia

510264835Analyzed
2v2 RM · 1d ago on Sep 30, 2026· 14m 3s· 4 players
Game mode
Random Map
Map size
Medium (4 player)
Population
200
Speed
Normal
Resources
Standard
Victory
Conquest
Starting age
Dark Age
Ending age
Imperial Age
RankedLock teamsTeams togetherTeam positionsShared explorationLock speedFull tech treeHidden civsTurbo modeCheats
Victory
Defeat
🇲🇽 Bulgarians · Mexico
958
+14
🇺🇸 Tupi · United States
860
+17
🇷🇺 Persians · Russia
905
-16
🇦🇺 Huns · Australia
896
-35
boythick69420
12:28 Feudal Age
Jean_Batist_Amour
11:10 Feudal Age
AKX Is Undone
7:03 Loom
10:51 Feudal Age
11:44 Champi Runner
13:14 Arson
dafr1997
7:12 Loom
10:16 Feudal Age
14:15 Double-Bit Axe
14:12 Horse Collar
Connection lost

Rejoining the realm…

Still unreachable

The connection could not be restored.

Session expired

The server has moved on; the page needs a fresh start.